 Dungeon Crawl Stone Soup version 0.19.4-12-gccf7e64 (webtiles) character file.

2937 Jynx the Basher (level 9, -3/114 HPs)
             Began as a Demonspawn Berserker on Feb 26, 2017.
             Was an Elder of Trog.
             Slain by a troll (6 damage)
             ... on level 7 of the Dungeon.
             The game lasted 00:12:34 (7721 turns).

Jynx the Basher (Demonspawn Berserker)              Turns: 7721, Time: 00:12:35

Health: -3/114     AC:  7    Str: 26    XL:     9   Next: 51%
Magic:  9/9        EV: 13    Int:  9    God:    Trog [****..]
Gold:   393        SH:  0    Dex: 12    Spells: 0 memorised, 8 levels left

rFire  + . .     SeeInvis .     C - +3 flail
rCold  . . .     Gourm    .     b - +2 animal skin
rNeg   . . .     Faith    .     (no shield)
rPois  .         Spirit   .     y - +1 helmet
rElec  .         Reflect  .     (no cloak)
rCorr  .         Harm     .     (no gloves)
MR     .....                    (no boots)
Stlth  ..........               (no amulet)
                                (no ring)
                                u - ring of protection from fire

@: mighty, berserking (expiring), very quick
A: rugged brown scales 1, demonic guardian 1, powered by pain 2
a: Berserk, Trog's Hand, Brothers in Arms, Burn Spellbooks, Renounce Religion


You were on level 7 of the Dungeon.
You worshipped Trog.
Trog was greatly pleased with you.
You were very hungry.

You visited 1 branch of the dungeon, and saw 7 of its levels.
You also visited: Ossuary.

You collected 393 gold pieces.

Inventory:

Hand Weapons
 C - a +3 flail (weapon)
Armour
 b - a +2 animal skin (worn)
 w - a +0 ring mail
 y - a +1 helmet (worn)
Jewellery
 u - a ring of protection from fire (left hand)
Wands
 e - a wand of polymorph (20/24)
 j - a wand of slowing (20/48)
 A - a wand of lightning (2/15)
Scrolls
 f - 5 scrolls of remove curse
 h - a scroll of magic mapping
 p - 2 scrolls of fear
 r - a scroll of fog
Potions
 i - 5 potions of heal wounds
 k - 3 potions of brilliance
 l - 4 potions of flight
 m - a potion of degeneration
 n - a potion of invisibility {unknown}
 o - 3 potions of curing
 s - 2 potions of might
 t - 2 potions of haste {unknown}
 v - 2 potions of lignification {unknown}
 x - a potion of agility {unknown}
 z - a potion of mutation {unknown}
 B - 2 potions of berserk rage {unknown}
 D - a potion of cure mutation {unknown}
Comestibles
 a - 4 chunks of flesh
 c - 5 bread rations
 d - 4 meat rations
 g - 8 fruits
 q - a beef jerky
 F - a slice of pizza


   Skills:
 + Level 7.9 Fighting
 * Level 10.1 Maces & Flails
 - Level 1.7 Armour
 + Level 3.1 Dodging


You had 8 spell levels left.
You didn't know any spells.

Dungeon Overview and Level Annotations

Branches:
Dungeon (7/15)             Temple (0/1) D:4

Altars:
Fedhas
Okawaru
Qazlal
Sif Muna
The Shining One

Shops:
D:5 ?   D:6 (


Innate Abilities, Weirdness & Mutations

You are partially covered in rugged brown scales. (AC +1, +3% HP)
A weak demonic guardian rushes to your aid.
You sometimes gain power by taking damage.


Message History

The troll is lightly wounded.
You sock the troll!
The troll is heavily wounded.
The troll bites you but does no damage. The troll claws you.
* * * LOW HITPOINT WARNING * * *
The troll closely misses you.
Your shadow imp hits the troll.
You thump the troll!
The troll is severely wounded.
The troll bites you.
* * * LOW HITPOINT WARNING * * *
The troll claws you but does no damage. The troll completely misses you.
Your shadow imp barely misses the troll.
You sock the troll!
The troll is almost dead.
You barely miss the troll.
The troll is almost dead.
The troll bites you!
* * * LOW HITPOINT WARNING * * *
The troll claws you.
You die...

#...#.........##..##
#...'...##...(######
#...#...##....##...'
#...#...'..........#
#...#...#.....##..##
###.##+###....##..##
#.##..##....##...#
+................#
#@..........##..##
#.T.........#####
#.5...)......#
.......#....##
#......######
#......# #......#
.......#


You could see a troll and a friendly shadow imp.

Vanquished Creatures
  The ghost of zegmoder the Slasher, a novice DrBe of Trog (D:7)
  Pikel (D:6)
  Prince Ribbit (D:6)
  A hippogriff (D:7)
  2 orc warriors (D:6)
  An ice beast (D:6)
  3 ogres
  2 centaurs
  An elf zombie (Ossuary)
  The ghost of kalodont the Sneak, an amateur KoEn of Ru (D:3)
  A gnoll sergeant (D:7)
  A killer bee (D:6)
  A howler monkey (D:6)
  A bullfrog zombie (D:6)
  4 centaur zombies
  An orc priest (D:6)
  A centaur skeleton (D:7)
  4 orc wizards
  2 bullfrog skeletons
  Jessica (D:3)
  2 iguanas
  A worker ant (D:7)
  A big kobold zombie (Ossuary)
  2 mummies (Ossuary)
  A hound skeleton (D:4)
  4 gnolls (D:7)
  9 adders
  A shadow imp (D:7)
  An adder zombie (Ossuary)
  An ooze (D:4)
  2 adder skeletons (D:5)
  3 worms
  A dart slug (D:1)
  6 leopard geckos
  14 orcs
  A giant cockroach (D:4)
  9 hobgoblins
  6 jackals
  9 kobolds
  3 quokkas
  4 bats
  7 frilled lizards
  5 goblins
  A goblin zombie (Ossuary)
  13 hobgoblin zombies (Ossuary)
  10 kobold zombies (Ossuary)
  3 orc zombies (Ossuary)
  5 rats
  A rat zombie (Ossuary)
157 creatures vanquished.

Vanquished Creatures (collateral kills)
  An orc priest (D:6)
  An orc (D:6)
  2 hobgoblin zombies (Ossuary)
  A kobold zombie (Ossuary)
5 creatures vanquished.

Vanquished Creatures (others)
  3 slaves (D:6)
  A bullfrog (D:6)
  A hound (D:6)
  An orc priest (D:6)
  A worker ant (D:6)
  An orc wizard (D:6)
  A shadow imp (D:6)
  2 orcs (D:6)
11 creatures vanquished.

Grand Total: 173 creatures vanquished

Notes
Turn   | Place    | Note
-------+----------+-------------------------------------------
     0 | D:1      | Jynx the Demonspawn Berserker began the quest for the Orb.
     0 | D:1      | Reached XP level 1. HP: 18/18 MP: 1/1
   320 | D:1      | Reached skill level 3 in Maces & Flails
   526 | D:1      | Gained mutation: You sometimes gain a little power by taking damage. [demonic ancestry]
   526 | D:1      | Reached XP level 2. HP: 24/24 MP: 2/2
  1282 | D:2      | Gained mutation: You sometimes gain power by taking damage. [demonic ancestry]
  1282 | D:2      | Reached XP level 3. HP: 29/29 MP: 3/3
  2240 | D:2      | Reached skill level 4 in Maces & Flails
  2246 | D:2      | Reached XP level 4. HP: 36/36 MP: 4/4
  2253 | D:2      | Found a deep blue altar of Sif Muna.
  2299 | D:3      | Reached ** piety under Trog
  2418 | D:3      | Noticed kalodont's ghost (amateur KoEn)
  2425 | D:3      | Killed kalodont's ghost
  2425 | D:3      | Reached XP level 5. HP: 42/42 MP: 5/5
  2493 | D:3      | Found a glowing golden altar of the Shining One.
  2852 | D:3      | Found a stormy altar of Qazlal.
  2875 | D:3      | Noticed Jessica
  2885 | D:3      | Killed Jessica
  2885 | D:3      | Reached skill level 5 in Maces & Flails
  3269 | D:4      | Found a staircase to the Ecumenical Temple.
  3551 | D:4      | Gained mutation: A weak demonic guardian rushes to your aid. [demonic ancestry]
  3551 | D:4      | Reached XP level 6. HP: 49/49 MP: 6/6
  3944 | D:4      | Reached *** piety under Trog
  4021 | D:5      | Entered Level 5 of the Dungeon
  4027 | D:5      | Reached skill level 6 in Maces & Flails
  4152 | D:5      | Found a sand-covered staircase.
  4159 | Ossuary  | Entered an ossuary
  4356 | Ossuary  | Reached XP level 7. HP: 55/55 MP: 7/7
  4358 | Ossuary  | Reached skill level 5 in Fighting
  4420 | Ossuary  | Reached **** piety under Trog
  4721 | D:5      | Reached skill level 7 in Maces & Flails
  4811 | D:5      | Found Saicsix's Magic Scroll Shoppe.
  5369 | D:6      | Noticed Pikel
  5381 | D:6      | Killed Pikel
  5381 | D:6      | Reached skill level 8 in Maces & Flails
  5381 | D:6      | Reached XP level 8. HP: 65/65 MP: 8/8
  5426 | D:6      | Noticed Prince Ribbit
  5437 | D:6      | Killed Prince Ribbit
  5832 | D:6      | Reached skill level 9 in Maces & Flails
  6076 | D:6      | Found Siexuczoe's Weapon Emporium.
  6329 | D:6      | Found a blossoming altar of Fedhas.
  6400 | D:6      | Found a faded altar of an unknown god.
  6400 | D:6      | Found an iron altar of Okawaru.
  6405 | D:6      | Found a faded altar of an unknown god.
  6418 | D:6      | Found a faded altar of an unknown god.
  6585 | D:6      | Found a faded altar of an unknown god.
  6675 | D:6      | Gained mutation: You are partially covered in rugged brown scales. (AC +1, +3% HP) [demonic ancestry]
  6675 | D:6      | Reached XP level 9. HP: 53/74 MP: 9/9
  7691 | D:7      | Noticed zegmoder's ghost (novice DrBe)
  7697 | D:7      | Noticed a troll
  7716 | D:7      | Killed zegmoder's ghost
  7716 | D:7      | Reached skill level 10 in Maces & Flails
  7721 | D:7      | HP: 3/114 [troll (7)]
  7721 | D:7      | Slain by a troll

Skill      XL: |  1  2  3  4  5  6  7  8  9 |
---------------+----------------------------+-----
Maces & Flails | 3 4 5 6 8 9 10 | 10.1
Fighting       | 4 6 7 |  7.9
Dodging        | 3 |  3.1
Armour         | |  1.7

Action                   |  1- 3 |  4- 6 |  7- 9 || total
-------------------------+-------+-------+-------++-------
Melee: Mace              |   105 |   219 |   185 ||   509
       Flail             |       |       |    46 ||    46
Invok: Berserk           |     3 |     8 |     9 ||    20
  Use: Scroll            |       |    10 |     8 ||    18
       Potion            |       |       |     1 ||     1
 Stab: Sleeping          |       |     1 |       ||     1
       Distracted        |       |       |     2 ||     2
  Eat: Chunk             |     7 |    14 |    16 ||    37
       Fruit             |       |       |     3 ||     3
Armor: Animal skin       |    17 |    44 |    41 ||   102
Dodge: Dodged            |    85 |   131 |   108 ||   324
